 Dungeon Crawl Stone Soup version 0.31.0-9-g3a7656b989 (webtiles) character file.

Game seed: 2255011365854900544

937 TrayleKats the Destroyer (level 7, -1/36 HPs)
             Began as a Deep Elf Conjurer on Jan 24, 2024.
             Was a Follower of Sif Muna.
             Succumbed to Maurice's curare-tipped dart
             ... on level 7 of the Dungeon.
             The game lasted 00:11:36 (8410 turns).

TrayleKats the Destroyer (Deep Elf Conjurer)        Turns: 8410, Time: 00:11:37

Health: -1/36      AC:  7    Str: 10    XL:     7   Next: 87%
Magic:  19/19      EV: 12    Int: 25    God:    Sif Muna [*.....]
Gold:   0          SH:  0    Dex: 13    Spells: 17/20 levels left

rFire   . . .        t - +3 whip (drain)
rCold   . . .        (no shield)
rNeg    . . .        a - +0 robe
rPois   .            (no helmet)
rElec   .            (no cloak)
rCorr   .            (no gloves)
SInv    .            D - +0 pair of boots
Will    .....        (no amulet)
Stlth   ++           d - +4 ring of protection
HPRegen 0.26/turn    e - +6 ring of strength
MPRegen 0.16/turn

%: no passive effects
@: lethally poisoned (-1 -> -10), slowed, very slow
A: no striking features
a: Renounce Religion, Channel Magic


You were on level 7 of the Dungeon.
You worshipped Sif Muna.
Sif Muna was aware of your devotion.
You visited 2 branches of the dungeon, and saw 8 of its levels.

Inventory:

Hand Weapons
 t - a +3 whip of draining (weapon)
Missiles
 n - 4 curare-tipped darts
Armour
 a - a +0 robe (worn)
 D - a +0 pair of boots (worn)
Jewellery
 d - a +4 ring of protection (left hand)
 e - a +6 ring of strength (right hand)
Wands
 x - a wand of flame (39)
 B - a wand of polymorph (10)
 E - a wand of digging (4)
 G - a wand of mindburst (16)
Scrolls
 f - a scroll of amnesia
 g - a scroll of poison
 j - a scroll of fog
Potions
 b - a potion of magic
 c - a potion of lignification
 i - 2 potions of cancellation
 p - a potion of haste {unknown}
 u - 3 potions of mutation
 z - a potion of degeneration
 F - a potion of might {unknown}


   Skills:
 - Level 2.5 Dodging
 - Level 2.5 Stealth
 + Level 7.2 Spellcasting
 * Level 9.3 Conjurations


You had 17 spell levels left.
You knew the following spells:

 Your Spells              Type           Power      Damage    Failure   Level
a - Magic Dart            Conj           100%       1d8       1%          1
b - Searing Ray           Conj           100%       2d8       1%          2

Your spell library contained the following spells:

 Spells                   Type           Power      Damage    Failure   Level
 Dazzling Flash           Conj/Hex       64%        N/A       3%          3
 Mephitic Cloud           Conj/Alch/Air  24%        N/A       5%          3
 Ensorcelled Hibernation  Hex/Ice        18%        N/A       10%         2
 Fulminant Prism          Conj/Alch      16%        3d10      10%         4
 Iskenderun's Mystic Bla  Conj/Tloc      32%        2d8       10%         4
 Passwall                 Erth           9%         N/A       21%         3
 Swiftness                Air            9%         N/A       21%         3
 Curse of Agony           Necr           9%         N/A       88%         5
 Silence                  Hex/Air        4%         N/A       88%         5


Dungeon Overview and Level Annotations

Branches:
Dungeon (7/15)             Temple (1/1) D:4

Altars:
Ashenzari
Cheibriados
Dithmenos
Elyvilon
Fedhas
Gozag
Hepliaklqana
Kikubaaqudgha
Makhleb
Nemelex Xobeh
Okawaru
Qazlal
Ru
Sif Muna
Trog
Uskayaw
Wu Jian
Xom
Yredelemnul
Zin
The Shining One

Annotations:
D:4 Duvessa
D:7 Maurice


Message History

Okay, then.
The air fills with toxic fumes!
As you read the scroll of poison, it crumbles to dust.
You feel sick.
You feel sick.
You start resting.
You feel sick. x2
You are no longer poisoned.
You start resting.
There is a strange disturbance nearby!
There is a strange disturbance nearby!
You are confused.
You feel invigorated.
You feel yourself speed up.
A curare-tipped dart appears from out of thin air!
The curare-tipped dart hits you.
You are poisoned.
You have difficulty breathing.
* * * LOW HITPOINT WARNING * * *
You feel yourself slow down.
* * * LOW HITPOINT WARNING * * *
You feel very sick.
Maurice appears from thin air!
Reactivating autopickup.
Maurice throws a curare-tipped dart.
The curare-tipped dart hits you.
You are more poisoned.
You have difficulty breathing.
* * * LOW HITPOINT WARNING * * *
You feel as though you will be slow longer.
You feel a little less clever now.
* * * LOW HITPOINT WARNING * * *
You feel extremely sick.
Maurice gestures wildly while chanting.
Maurice blinks!
You feel less invigorated.
You feel less confused.
* * * LOW HITPOINT WARNING * * *
You feel extremely sick.
* * * LOW HITPOINT WARNING * * *
You feel very sick.
You die...

###+ ..... .... ## ...#+# ..
###+#.#.################
........................
#.#########.#########.......
#...........................
#.......#.#@###.#####'######
.##.#######.#.#.# #.........
..............#.# #.........
.##....####.###.# #.........
.......f........# ###'#####'
...{............# #...# ##
................# #...#
................# #.).#
................# #.###


There were no monsters in sight!

Vanquished Creatures
  Menkaure (D:5)
  A black bear (D:6)
  A centaur (D:6)
  A phantom (D:4)
  A scorpion (D:6)
  Dowan (D:4)
  A howler monkey (D:6)
  A hound (D:6)
  2 orc priests (D:5)
  2 sleepcaps
  2 iguanas
  4 gnolls (D:6)
  8 adders
  6 ufetubi
  3 ribbon worms
  4 dart slugs
  7 orcs
  5 endoplasms
  4 giant cockroaches
  8 goblins
  11 hobgoblins
  A jackal (D:2)
  4 kobolds
  2 quokkas
  5 ball pythons
  4 bats
  6 frilled lizards
  3 rats
99 creatures vanquished.

Notes
Turn   | Place    | Note
-------+----------+-------------------------------------------
     0 | D:1      | TrayleKats the Deep Elf Conjurer began the quest for the
                  | Orb.
     0 | D:1      | Reached XP level 1. HP: 10/10 MP: 6/6
   167 | D:1      | Reached XP level 2. HP: 15/15 MP: 6/8
   258 | D:1      | Reached skill level 5 in Conjurations
   945 | D:2      | Reached XP level 3. HP: 19/19 MP: 7/9
   982 | D:2      | Learned a level 2 spell: Searing Ray
  2419 | D:3      | Reached XP level 4. HP: 24/24 MP: 6/11
  2913 | D:4      | Reached skill level 6 in Conjurations
  2968 | D:4      | Noticed a phantom
  3027 | D:4      | Found a staircase to the Ecumenical Temple.
  3032 | Temple   | Entered the Ecumenical Temple
  3041 | Temple   | Became a worshipper of Sif Muna the Loreminder
  3086 | D:4      | Reached XP level 5. HP: 27/28 MP: 7/13
  3247 | D:4      | Found a white marble altar of Elyvilon.
  3655 | D:4      | Killed a phantom
  3655 | D:4      | Reached * piety under Sif Muna
  3656 | D:4      | Reached skill level 5 in Spellcasting
  3656 | D:4      | Reached skill level 7 in Conjurations
  3856 | D:4      | Noticed Dowan
  3856 | D:4      | Noticed Duvessa
  3857 | D:4      | Reached XP level 6. HP: 32/32 MP: 12/15
  3911 | D:4      | Killed Dowan
  4329 | D:5      | Entered Level 5 of the Dungeon
  4389 | D:5      | Noticed Menkaure
  4393 | D:5      | Killed Menkaure
  5430 | D:5      | Reached skill level 8 in Conjurations
  5433 | D:5      | Reached XP level 7. HP: 27/36 MP: 6/18
  6687 | D:6      | Reached skill level 9 in Conjurations
  8353 | D:7      | Noticed Maurice
  8375 | D:7      | Something stole 213 gold
  8375 | D:7      | Something stole a ring of flight
  8410 | D:7      | Succumbed to Maurice's curare-tipped dart

Illustrated notes

Levels and vault maps discovered:
D:1:      scummos_arrival_checkerplants, layout_rooms, grunt_decor_resistance
D:2:      minmay_wonky_spiral, layout_loops_corners, grunt_ministairs_2
D:3:      layout_loops_ring
D:4:      layout_loops_cross, elyvilon_altar_3, temple_doors_e,
          minmay_hedge_maze, uniq_duvessa
D:5:      layout_layer_cave, nicolae_hexahallways, dk_vineyard_1, uniq_menkaure
D:6:      layout_basic, minmay_strange_pillars
D:7:      layout_basic, uniq_crazy_yiuf_cottage, uniq_maurice
Temple:   nicolae_temple_bog_church

Skill      XL: |  1  2  3  4  5  6  7 |
---------------+----------------------+-----
Conjurations   | 5 6 7 8 9 |  9.3
Spellcasting   | 4 5 6 7 |  7.2
Dodging        | |  2.5
Stealth        | |  2.5

Action                     |  1- 3 |  4- 6 |  7- 9 || total
---------------------------+-------+-------+-------++-------
  Melee: Unarmed           |     1 |       |       ||     1
         Whip              |       |       |     4 ||     4
  Throw: Dart              |       |       |     1 ||     1
   Cast: Magic Dart        |    73 |    71 |    24 ||   168
         Searing Ray       |     1 |    13 |    15 ||    29
    Use: Scroll            |       |       |    18 ||    18
         Potion            |       |       |     6 ||     6
 Armour: Robe              |     3 |     7 |    21 ||    31
         Skin              |       |       |    12 ||    12
  Dodge: Dodged            |     4 |     4 |     8 ||    16
